Unix NetHack Version 5.0.0-0 post-release - last build Jun 10 2026 00:39:30 (3ee93aec679c4c4259841fe613dc97188e26a321,branch:main).

Game began 2026-06-23 23:09:38, ended 2026-06-23 23:55:45.

DaveT, lawful male human Priest

                                         ---------
                                        #........|     ---------      --------
                                        #|..*....|    #-.....[.|    ##.......|
                                        #|.......|    #|*.......##### |......|
                                        #|........    #|.....).|      |......|
                                        #|.......|    #|.......|     #.......|
                                      @##-------|-   ##|.......|     #--------
                                      #'######  #     #---------     #
                                      #      #####   ##             ##
                         ----------  ##    ####### #####           ##
                         .........| ##     #----|-- ###           ##
                         |+........##      #|.....|## ##   -------#
                         |......{.|        #|.....|#   ####+.....|#
                         |....(....#########|...[..#       |..<..-#
                         ----------         -------        |.....|
                                                           -------

DaveT the Adept              St:25 Dx:11 Co:18 In:10 Wi:18 Ch:8  Lawful
Dlvl:8  $:3184 HP:0(80) Pw:117(117) AC:3  Xp:9 T:8782  Hallu

Latest messages:
 $ - 25 gold pieces (3184 in total).
 What do you want to use or apply? [os-uwDEKOPVX or ?*] u
 You now wield a pick-axe.
 In what direction do you want to dig? [j>] j
 You start chipping the statue.
 You hit the statue with all your might.
 You hear a door open.
 The statue shatters.
 What do you want to wield? [- asuxG or ?*] a
 a - a blessed corroded +2 mace (weapon in right hand).
 You see here 36 stones.
 That door is closed.
 That door is closed.
 The door opens.
 That door is closed.
 The door opens.
 You see here a ring.
 i - a ring.
 What do you want to put on? [ikE or ?*] i
 Which ring-finger, Right or Left? [rl] l
 i - a ring (on left hand).
 The red naga hatchling hits!
 The rock troll knocks you backward with a forceful blow!
 You hit the errata elemental!
 The rodent of unusual size hits!
 The pager golem knocks you backward with a forceful strike!
 You hit the Aleax!
 The glass piercer hits!
 The baby orange dragon hits again!
 The giant mimic knocks you backward with a forceful blow!
 The werejackal hits!
 The couatl hits again!
 You destroy the water elemental!
 With great effort you move the boulder.
 With great effort you move the boulder.
 You see here an egg.
 The hezrou hits!
 The scorpion bites!
 The newt hits!
 The xan hits!
 The pony bites!
 The human zombie hits!
 You hit the storm giant!
 The cockatrice hits!
 The genetic engineer bites!
 The kobold zombie hits!
 The sasquatch hits!
 You die...
 Do you want your possessions identified? [ynq] (y) y
 Do you want to see your attributes? [ynq] (y) q

Inventory:
 Coins    ('$')
  $ - 3184 gold pieces
 Weapons  (')')
  G - 11 +0 darts
  x - a blessed +0 aklys
  a - a blessed corroded +2 mace (weapon in right hand)
 Armor    ('[')
  B - a +0 orcish helm
  Q - a blessed rustproof +1 pair of gauntlets of power (being worn)
  M - a blessed +0 mummy wrapping
  S - a +0 elven mithril-coat (being worn)
 Comestibles  ('%')
  e - a clove of garlic
  l - a food ration
  f - a sprig of wolfsbane
  h - a lizard corpse
 Scrolls  ('?')
  U - a cursed scroll of blank paper
  Y - a scroll of create monster
  H - 3 scrolls of teleportation
 Spellbooks  ('+')
  P - a spellbook of confuse monster
  w - a spellbook of cure blindness
  O - a spellbook of healing
  K - a spellbook of wizard lock
 Potions  ('!')
  Z - 2 potions of fruit juice
  g - a potion of full healing
  q - a blessed potion of healing
  J - a potion of object detection
  n - 2 potions of see invisible
  z - a potion of sleeping
  d - 2 potions of holy water
 Rings    ('=')
  k - a -1 ring of adornment
  i - a ring of sustain ability (on left hand)
 Wands    ('/')
  D - a wand of lightning (1:6)
  V - a wand of stasis (0:4)
 Tools    ('(')
  E - a blindfold
  t - an oil lamp
  u - a +0 pick-axe
  o - a skeleton key
  X - a partly used tallow candle
  s - a +0 unicorn horn

DaveT the Priest's attributes:

Background:
 You were an Adept, a level 9 human Priest.
 You were lawful, on a mission for Lugh
 who was opposed by Brigit (neutral) and Manannan Mac Lir (chaotic).
 You were right-handed.
 You were in the Dungeons of Doom, on level 8.
 You entered the dungeon 8782 turns ago.
 It was nighttime.
 You had 2648 experience points, 2472 more were needed to attain level 10.

Basics:
 You had 0 out of 80 hit points.
 You had all 117 energy points (spell power).
 Your armor class was 3.
 Your wallet contained 3184 cubits.
 Autopickup was off.

Final Characteristics:
 Your strength was 25 (base:7, peak:10, innate limit:18/100).
 Your dexterity was 11 (peak:13, limit:18).
 Your constitution was 18 (limit:18).
 Your intelligence was 10 (limit:18).
 Your wisdom was 18 (limit:18).
 Your charisma was 8 (limit:18).

Final Status:
 You were hallucinating.
 You weren't hungry.
 You were unencumbered.
 You were wielding a mace.
 You had expert skill with mace.

Final Attributes:
 You were piously aligned.
 You were poison resistant.
 You were telepathic.
 You were guarded.
 Your spell casting was impaired by metallic armor.
 You had fixed abilities.
 You are dead.

Miscellaneous:
 You didn't encounter any bones levels.
 Total elapsed playing time was 46 minutes and 6 seconds.

Major events:
 Turn
    1: DaveT the lawful human Priest entered the dungeon
 1575: attained the rank of Acolyte (level 3)
 1841: entered the Gnomish Mines
 2465: attained the rank of Adept (level 6)
 2771: made his first wish - "blessed rustproof +3 gauntlets of power", got "a blessed pair of riding gloves"
 5045: reached Mine Town
 7975: entered Sokoban
 8782: killed by a hallucinogen-distorted leocrotta

Spells:
 Name                 Level Category     Fail Retention
 detect monsters        1   divination   100%   51%-75%
 detect food            2   divination   100%   51%-75%
 cure blindness         2   healing       98%   51%-75%
 healing                1   healing       94%  76%-100%
 confuse monster        1   enchantment  100%  76%-100%

Skills:
 Fighting Skills
   bare handed combat [Unskilled]
 Weapon Skills
   club               [Unskilled]
   mace               [Expert]
   morning star       [Unskilled]
   flail              [Unskilled]
   hammer             [Unskilled]
   quarterstaff       [Unskilled]
   polearms           [Unskilled]
   spear              [Unskilled]
   trident            [Unskilled]
   lance              [Unskilled]
   bow                [Unskilled]
   sling              [Unskilled]
   crossbow           [Unskilled]
   dart               [Unskilled]
   shuriken           [Unskilled]
   boomerang          [Unskilled]
   unicorn horn       [Unskilled]
 Spellcasting Skills
   healing spells     [Unskilled]
   divination spells  [Unskilled]
   clerical spells    [Basic]

Voluntary challenges:
 Character rerolling was not enabled.
 You never genocided any monsters.
 You never polymorphed an object.
 You never changed form.
 You used 1 wish.
 You did not wish for any artifacts.
 You did not violate any of the special Sokoban rules.
Achievements:
 You entered a shop.
 You attained the rank of Acolyte.
 You entered the Gnomish Mines.
 You attained the rank of Adept.
 You entered Minetown.
 You entered Sokoban.

 The Dungeons of Doom: levels 1 to 8
    Level 1:
    Level 2: "empty vault"
       A general store.
    Level 3:
       A weapon shop.
    Level 4: "empty vault"
       Many fountains, a grave.
       Stairs down to The Gnomish Mines.
    Level 5:
       A fountain.
    Level 6:
       Many fountains.
    Level 7:
       A sink.
       Stairs up to Sokoban, level 6.
    Level 8: <- You were here.
       A fountain.
       Final resting place for
          you, killed by a hallucinogen-distorted leocrotta.
 The Gnomish Mines: levels 5 to 8
    Level 5:
    Level 6:
    Level 7:
    Level 8:
 Sokoban:
    Level 6:
       Unsolved.


Vanquished creatures:
 an ettin mummy
  a dwarf ruler
  2 ettin zombies
  a quivering blob
  3 wolves
  a spotted jelly
  5 orc-captains
  a horse
 an orc mummy
  2 brown puddings
  a lizard
  a dog
  a jaguar
  a dwarf leader
  a blue jelly
  a gray unicorn
  4 ravens
  a gnome mummy
  2 snakes
  7 human zombies
  5 bugbears
  2 Mordor orcs
  3 Uruk-hai
  3 orc shamans
  2 rock piercers
  2 rock moles
  5 fog clouds
  3 yellow lights
  a violet fungus
  8 gnome leaders
  a gnomish wizard
  a golden naga hatchling
  a barrow wight
 an elf zombie
  a ghoul
  a straw golem
  a paper golem
  2 little dogs
  3 floating eyes
  3 dwarves
  a kobold shaman
 13 hill orcs
  3 rothes
  a giant bat
  a monkey
  3 dwarf zombies
 an iguana
 an acid blob
  2 coyotes
  a gas spore
  a hobbit
  a large kobold
  6 hobgoblins
  a giant rat
  6 cave spiders
  a yellow mold
  a green mold
 33 gnomes
  a gnome zombie
  5 geckos
  8 jackals
  2 foxes
  2 kobolds
  4 goblins
  2 sewer rats
  6 grid bugs
  3 bats
  7 lichens
  a kobold zombie
 10 newts
215 creatures vanquished.

No species were genocided or became extinct.

Game over:
                       ----------
                      /          \
                     /    REST    \
                    /      IN      \
                   /     PEACE      \
                  /                  \
                  |      DaveT       |
                  |     3184 Au      |
                  |   killed by a    |
                  | hallucinogen-dis |
                  | torted leocrotta |
                  |                  |
                  |       2026       |
                 *|     *  *  *      | *
        _________)/\\_//(\/(/\)/\//\/|_)_______

Goodbye DaveT the Priest...

You died in The Dungeons of Doom on dungeon level 8 with 13938 points,
and 3184 pieces of gold, after 8782 moves.
You were level 9 with a maximum of 80 hit points when you died.

